IL
ALBUQUERQUE ISOTOPES @ COLORADO SPRINGS SKY SOX
06/24/2047
 
TOP OF THE 1ST
Albuquerque Isotopes batting - Pitching for Colorado Springs Sky Sox : RHP Dave Spriggs
Pitching: RHP Dave Spriggs
Batting: LHB Alfredo de la Cruz 0-0: Called Strike
0-1: Ball
1-1: Ball
2-1: Foul Ball, location: 2F
2-2: Ball
3-2: Foul Ball, location: 2F
3-2: SINGLE (Line Drive, 78S, EV 108.1 MPH)
Batting: LHB Gabe Harvey 0-0: Ball
Alfredo de la Cruz is caught stealing 2nd base 2-6
1-0: Called Strike
1-1: Called Strike
1-2: SINGLE (Flyball, 78S, EV 87.5 MPH)
Batting: RHB Eddie McCoy 0-0: Called Strike
0-1: Called Strike
0-2: Ball
1-2: Ball
2-2: Strikes out looking
Batting: RHB Joe LaDue 0-0: Foul Ball, location: 2F
0-1: Ball
1-1: Called Strike
1-2: Fielders Choice at 2nd, 5-4 (Groundball, 5L, EV 106.2 MPH)
Top of the 1st over - 0 runs, 2 hits, 0 errors, 1 left on base; Albuquerque 0 - Colorado Springs 0
BOTTOM OF THE 1ST
Colorado Springs Sky Sox batting - Pitching for Albuquerque Isotopes : RHP Jose Avila
Pitching: RHP Jose Avila
Batting: LHB Steve Gilliam 0-0: Called Strike
0-1: Ball
1-1: Fly out, F8 (Flyball, 8RXD, EV 107.5 MPH)
Batting: RHB Ryan Rinaldi 0-0: Ground out 2-3 (Groundball, 2L, EV 65.6 MPH)
Batting: LHB Michael Krott 0-0: Ball
1-0: Ball
2-0: Foul Ball, location: 2F
2-1: Ground out 1-3 (Groundball, 13, EV 70.6 MPH)
Bottom of the 1st over - 0 runs, 0 hits, 0 errors, 0 left on base; Albuquerque 0 - Colorado Springs 0
TOP OF THE 2ND
Albuquerque Isotopes batting - Pitching for Colorado Springs Sky Sox : RHP Dave Spriggs
Batting: RHB Mike Ball 0-0: Ball
1-0: Ball
2-0: Swinging Strike
2-1: Ball
3-1: Ground out 6-3 (Groundball, 6, EV 108.8 MPH)
Batting: LHB Pablo Cardona 0-0: Ball
1-0: Foul Ball, location: 2F
1-1: Ball
2-1: Foul Ball, location: 2F
2-2: Foul Ball, location: 2F
2-2: Foul Ball, location: 2F
2-2: Strikes out swinging
Batting: SHB Mitchell Greene 0-0: Called Strike
0-1: Ball
1-1: Ball
2-1: SOLO HOME RUN (Flyball, 89XD, EV 100.6 MPH), Distance : 398 ft
Batting: RHB Logan Morgan 0-0: Ball
1-0: Ball
2-0: SINGLE (Groundball, 6MS, EV 90.0 MPH) (infield hit)
Batting: RHB Bobby Heagle 0-0: Ball
1-0: Ball
2-0: Called Strike
2-1: Ball
3-1: Fielders Choice at 2nd, 6-4 (Groundball, 6, EV 85.6 MPH)
Top of the 2nd over - 1 run, 2 hits, 0 errors, 1 left on base; Albuquerque 1 - Colorado Springs 0
BOTTOM OF THE 2ND
Colorado Springs Sky Sox batting - Pitching for Albuquerque Isotopes : RHP Jose Avila
Batting: LHB Zack Guillen 0-0: Ball
1-0: Fly out, F9 (Flyball, 89S, EV 80.6 MPH)
Batting: SHB Andy Vivas 0-0: Foul Ball, location: 2F
0-1: SINGLE (Groundball, 6D, EV 98.1 MPH)
Batting: LHB Chris Salim 0-0: Ball
1-0: Called Strike
1-1: Ball
2-1: Foul Ball, location: 2F
2-2: Strikes out swinging
Batting: SHB Chris Besselman 0-0: Ball
1-0: Swinging Strike
1-1: Swinging Strike
1-2: Foul Ball, location: 2F
1-2: Ball
Wild Pitch!
Andy Vivas to second
2-2: Foul Ball, location: 2F
2-2: Ball
3-2: SINGLE (Groundball, 56D, EV 95.6 MPH)
Andy Vivas to third
Runner from 3rd tries for Home, SAFE, throw by LF to home
Chris Besselman to second
Batting: RHB Justin Williams 0-0: Ball
1-0: SINGLE (Line Drive, 4M, EV 105.6 MPH)
Chris Besselman to third
Batting: RHB Devine Adams 0-0: Ball
1-0: Ball
2-0: Ball
3-0: Base on Balls
Justin Williams to second
Batting: LHB Steve Gilliam 0-0: Called Strike
0-1: Called Strike
0-2: SINGLE (Groundball, 6MS, EV 65.0 MPH) (infield hit)
Chris Besselman scores
Justin Williams to third
Devine Adams to second
Batting: RHB Ryan Rinaldi 0-0: Foul Ball, location: 2F
0-1: Swinging Strike
0-2: Foul Ball, location: 2F
0-2: Foul Ball, location: 2F
0-2: Ball
1-2: Strikes out swinging
Bottom of the 2nd over - 2 runs, 4 hits, 0 errors, 3 left on base; Albuquerque 1 - Colorado Springs 2
TOP OF THE 3RD
Albuquerque Isotopes batting - Pitching for Colorado Springs Sky Sox : RHP Dave Spriggs
Batting: LHB Alfredo de la Cruz 0-0: Ball
1-0: Foul Ball, location: 2F
1-1: DOUBLE (Line Drive, 9LM, EV 102.5 MPH)
Batting: LHB Gabe Harvey 0-0: Foul Ball, location: 2F
0-1: Called Strike
0-2: Ball
1-2: Ground out 3-1 (Groundball, 34S, EV 66.2 MPH)
Alfredo de la Cruz to third
Batting: RHB Eddie McCoy 0-0: Called Strike
0-1: Ball
1-1: Foul Ball, location: 2F
1-2: Foul Ball, location: 2F
1-2: Fly out, F8 (Flyball, 78D, EV 92.5 MPH)
Runner from 3rd tags up, SCORES, no throw by CF
Batting: RHB Joe LaDue 0-0: Ball
1-0: Swinging Strike
1-1: Fly out, F4 (Line Drive, 4D, EV 71.2 MPH)
Top of the 3rd over - 1 run, 1 hit, 0 errors, 0 left on base; Albuquerque 2 - Colorado Springs 2
BOTTOM OF THE 3RD
Colorado Springs Sky Sox batting - Pitching for Albuquerque Isotopes : RHP Jose Avila
Batting: LHB Michael Krott 0-0: Ground out 6-3 (Groundball, 4M, EV 98.1 MPH)
Batting: LHB Zack Guillen 0-0: Called Strike
0-1: Ball
1-1: Called Strike
1-2: Foul Ball, location: 2F
1-2: Foul Ball, location: 2F
1-2: Strikes out swinging
Batting: SHB Andy Vivas 0-0: Called Strike
0-1: Foul Ball, location: 2F
0-2: Strikes out swinging
Bottom of the 3rd over - 0 runs, 0 hits, 0 errors, 0 left on base; Albuquerque 2 - Colorado Springs 2
TOP OF THE 4TH
Albuquerque Isotopes batting - Pitching for Colorado Springs Sky Sox : RHP Dave Spriggs
Batting: RHB Mike Ball 0-0: Ball
1-0: Called Strike
1-1: Ball
2-1: Ball
3-1: Ground out 1-3 (Groundball, 13S, EV 66.2 MPH)
Batting: LHB Pablo Cardona 0-0: Ball
1-0: Swinging Strike
1-1: Foul Ball, location: 2F
1-2: Strikes out looking
Batting: SHB Mitchell Greene 0-0: SINGLE (Flyball, 4D, EV 91.9 MPH)
Batting: RHB Logan Morgan 0-0: Called Strike
0-1: Ball
1-1: Called Strike
1-2: Ball
2-2: Ground out 5-3 (Groundball, 56S, EV 85.6 MPH)
Top of the 4th over - 0 runs, 1 hit, 0 errors, 1 left on base; Albuquerque 2 - Colorado Springs 2
BOTTOM OF THE 4TH
Colorado Springs Sky Sox batting - Pitching for Albuquerque Isotopes : RHP Jose Avila
Batting: LHB Chris Salim 0-0: Ball
1-0: Ball
2-0: Fly out, F5 (Flyball, 5D, EV 81.9 MPH)
Batting: SHB Chris Besselman 0-0: Swinging Strike
0-1: Ball
1-1: Fly out, F8 (Flyball, 89S, EV 81.9 MPH)
Batting: RHB Justin Williams 0-0: Ball
1-0: Called Strike
1-1: Ground out 6-3 (Groundball, 6, EV 111.2 MPH)
Bottom of the 4th over - 0 runs, 0 hits, 0 errors, 0 left on base; Albuquerque 2 - Colorado Springs 2
TOP OF THE 5TH
Albuquerque Isotopes batting - Pitching for Colorado Springs Sky Sox : RHP Dave Spriggs
Batting: RHB Bobby Heagle 0-0: Ball
1-0: Ball
2-0: Foul Ball, location: 2F
2-1: SOLO HOME RUN (Flyball, 78XD, EV 103.1 MPH), Distance : 394 ft
Batting: LHB Alfredo de la Cruz 0-0: Ball
1-0: Ball
2-0: Ball
3-0: Called Strike
3-1: Foul Ball, location: 2F
3-2: Base on Balls
Pitching: LHP Vinny Duarte
Batting: LHB Gabe Harvey 0-0: Called Strike
0-1: Ball
Alfredo de la Cruz steals 2nd base (no throw)
1-1: Fly out, F7 (Flyball, 7, EV 97.5 MPH)
Batting: RHB Eddie McCoy 0-0: Ball
1-0: Ball
2-0: Swinging Strike
2-1: Called Strike
2-2: Ball
3-2: Base on Balls
Batting: RHB Joe LaDue 0-0: Ball
1-0: Called Strike
1-1: Fly out, F8 (Flyball, 78S, EV 80.6 MPH)
Batting: RHB Mike Ball 0-0: Ball
1-0: Called Strike
1-1: Ball
2-1: Swinging Strike
2-2: Ground out 5-3 (Groundball, 56S, EV 71.9 MPH)
Top of the 5th over - 1 run, 1 hit, 0 errors, 2 left on base; Albuquerque 3 - Colorado Springs 2
BOTTOM OF THE 5TH
Colorado Springs Sky Sox batting - Pitching for Albuquerque Isotopes : RHP Jose Avila
Batting: RHB Devine Adams 0-0: Swinging Strike
0-1: Foul Ball, location: 2F
0-2: Fly out, F7 (Line Drive, 7S, EV 88.8 MPH)
Batting: LHB Steve Gilliam 0-0: Ball
1-0: SINGLE (Flyball, 89S, EV 96.2 MPH)
Batting: RHB Ryan Rinaldi 0-0: Ball
1-0: Ball
Steve Gilliam steals 2nd base
2-0: Ball
3-0: Base on Balls
Batting: LHB Michael Krott 0-0: Foul Ball, location: 2F
0-1: Fielders Choice at 2nd, 4-6 (Groundball, 34D, EV 81.9 MPH)
Steve Gilliam to third
Batting: LHB Zack Guillen 0-0: Foul Ball, location: 2F
0-1: Ball
Michael Krott is caught stealing 2nd base 2-6
Bottom of the 5th over - 0 runs, 1 hit, 0 errors, 1 left on base; Albuquerque 3 - Colorado Springs 2
TOP OF THE 6TH
Albuquerque Isotopes batting - Pitching for Colorado Springs Sky Sox : LHP Vinny Duarte
Batting: LHB Pablo Cardona 0-0: Foul Ball, location: 2F
0-1: Called Strike
0-2: Ball
1-2: Foul Ball, location: 2F
1-2: Foul Ball, location: 2F
1-2: Ball
2-2: Reached on error, E3 (Groundball, 3S, EV 71.2 MPH)
Batting: SHB Mitchell Greene 0-0: Called Strike
0-1: SINGLE (Groundball, 15S, EV 68.8 MPH) (infield hit)
Pablo Cardona to second
Batting: RHB Logan Morgan 0-0: Called Strike
0-1: Swinging Strike
0-2: Strikes out swinging
Batting: RHB Bobby Heagle 0-0: Called Strike
0-1: Ball
1-1: Ball
Wild Pitch!
Pablo Cardona to third
Mitchell Greene to second
2-1: Fly out, F9 (Flyball, 89D, EV 107.5 MPH)
Runner from 3rd tags up, SCORES, no throw by RF
Mitchell Greene to third
Batting: LHB Alfredo de la Cruz 0-0: Called Strike
0-1: Swinging Strike
0-2: Strikes out looking
Top of the 6th over - 1 run, 1 hit, 1 error, 1 left on base; Albuquerque 4 - Colorado Springs 2
BOTTOM OF THE 6TH
Colorado Springs Sky Sox batting - Pitching for Albuquerque Isotopes : RHP Jose Avila
Batting: LHB Zack Guillen 0-0: Ball
1-0: Ball
2-0: Ball
3-0: Called Strike
3-1: Ground out 5-3 (Groundball, 15, EV 83.8 MPH)
Batting: SHB Andy Vivas 0-0: Ball
1-0: Called Strike
1-1: Ball
2-1: Foul Ball, location: 2F
2-2: Strikes out swinging
Batting: LHB Chris Salim 0-0: Ball
1-0: SINGLE (Groundball, 34D, EV 99.4 MPH)
Pitching: RHP Jon Turman
Batting: SHB Chris Besselman 0-0: Called Strike
0-1: Fielders Choice at 2nd, 5-6 (Groundball, 6, EV 82.5 MPH)
Bottom of the 6th over - 0 runs, 1 hit, 0 errors, 1 left on base; Albuquerque 4 - Colorado Springs 2
TOP OF THE 7TH
Albuquerque Isotopes batting - Pitching for Colorado Springs Sky Sox : LHP Vinny Duarte
Pitching: LHP Eric Zielinski
Batting: LHB Gabe Harvey 0-0: Ball
1-0: Ball
2-0: Fly out, F8 (Line Drive, 8LD, EV 98.8 MPH)
Batting: RHB Eddie McCoy 0-0: Called Strike
0-1: Ball
1-1: Ball
2-1: Foul Ball, location: 2F
2-2: Ball
3-2: Foul Ball, location: 2F
3-2: Foul Ball, location: 2F
3-2: SINGLE (Groundball, 56D, EV 96.9 MPH)
Batting: RHB Joe LaDue 0-0: Ball
1-0: Called Strike
1-1: Swinging Strike
1-2: SINGLE (Line Drive, 7LM, EV 103.8 MPH)
Eddie McCoy to second
Batting: RHB Mike Ball 0-0: Ball
1-0: Foul Ball, location: 2F
1-1: Called Strike
Balk!
Eddie McCoy to third
Joe LaDue to second
1-2: Ball
2-2: Foul Ball, location: 2F
2-2: Ball
3-2: Intentional Walk
Batting: LHB Pablo Cardona 0-0: Ball
1-0: Foul Ball, location: 2F
1-1: Fly out, F9 (Flyball, 89M, EV 93.8 MPH)
Batting: SHB Mitchell Greene 0-0: Fielders Choice at 2nd, 5-4 (Groundball, 56, EV 100.6 MPH)
Top of the 7th over - 0 runs, 2 hits, 0 errors, 3 left on base; Albuquerque 4 - Colorado Springs 2
BOTTOM OF THE 7TH
Colorado Springs Sky Sox batting - Pitching for Albuquerque Isotopes : RHP Jon Turman
Batting: RHB Justin Williams 0-0: Foul Ball, location: 2F
0-1: Ball
1-1: Foul Ball, location: 2F
1-2: Foul Ball, location: 2F
1-2: Ball
2-2: Strikes out looking
Batting: RHB Devine Adams 0-0: Ball
1-0: Foul Ball, location: 2F
1-1: Called Strike
1-2: Foul Ball, location: 2F
1-2: Ball
2-2: Strikes out swinging
Batting: LHB Steve Gilliam 0-0: Swinging Strike
0-1: Ball
1-1: Foul Ball, location: 2F
1-2: Strikes out looking
Bottom of the 7th over - 0 runs, 0 hits, 0 errors, 0 left on base; Albuquerque 4 - Colorado Springs 2
TOP OF THE 8TH
Albuquerque Isotopes batting - Pitching for Colorado Springs Sky Sox : LHP Eric Zielinski
Pitching: LHP Jay Turpin
Batting: RHB Logan Morgan 0-0: Ball
1-0: Called Strike
1-1: Foul Ball, location: 2F
1-2: Foul Ball, location: 2F
1-2: Reached on error, E5 (Groundball, 56, EV 86.9 MPH)
Batting: RHB Bobby Heagle 0-0: Called Strike
0-1: Ball
1-1: Grounds into double play, 4-6-3 (Groundball, 4, EV 78.1 MPH)
Batting: LHB Alfredo de la Cruz 0-0: Foul Ball, location: 2F
0-1: Called Strike
0-2: Ball
1-2: Strikes out swinging
Top of the 8th over - 0 runs, 0 hits, 1 error, 0 left on base; Albuquerque 4 - Colorado Springs 2
BOTTOM OF THE 8TH
Colorado Springs Sky Sox batting - Pitching for Albuquerque Isotopes : RHP Jon Turman
Batting: RHB Ryan Rinaldi 0-0: Ball
1-0: Ball
2-0: Ball
3-0: Base on Balls
Batting: LHB Michael Krott 0-0: Foul Ball, location: 2F
0-1: Foul Ball, location: 2F
0-2: Ball
1-2: Strikes out swinging
Batting: LHB Zack Guillen 0-0: Ball
1-0: Foul Ball, location: 2F
1-1: Ball
2-1: Ball
3-1: Called Strike
3-2: Base on Balls
Ryan Rinaldi to second
Batting: SHB Andy Vivas 0-0: Ball
1-0: Reached on error, E5 (Groundball, 5L, EV 88.1 MPH)
Ryan Rinaldi to third
Zack Guillen to second
Pitching: LHP Chad Persaud
Pinch Hitting: RHB Bobby Bowman 0-0: Ball
1-0: Swinging Strike
1-1: Swinging Strike
1-2: Ball
2-2: Strikes out looking
Batting: SHB Chris Besselman 0-0: Ball
1-0: Ball
2-0: Foul Ball, location: 2F
2-1: Called Strike
2-2: Ball
3-2: Strikes out looking
Bottom of the 8th over - 0 runs, 0 hits, 1 error, 3 left on base; Albuquerque 4 - Colorado Springs 2
TOP OF THE 9TH
Albuquerque Isotopes batting - Pitching for Colorado Springs Sky Sox : LHP Jay Turpin
Pitching: RHP Trey Price
Now in LF: Heitaro Tanaka
Batting: LHB Gabe Harvey 0-0: Fly out, F8 (Flyball, 8RM, EV 81.2 MPH)
Batting: RHB Eddie McCoy 0-0: Ball
1-0: Called Strike
1-1: SINGLE (Groundball, 4M, EV 101.2 MPH)
Batting: RHB Joe LaDue 0-0: Ball
1-0: Fielders Choice at 2nd, 4-6 (Groundball, 4, EV 105.6 MPH)
Batting: RHB Mike Ball 0-0: Ball
1-0: Ball
2-0: Ball
3-0: Called Strike
3-1: Ground out 1-3 (Groundball, 25, EV 71.2 MPH)
Top of the 9th over - 0 runs, 1 hit, 0 errors, 1 left on base; Albuquerque 4 - Colorado Springs 2
BOTTOM OF THE 9TH
Colorado Springs Sky Sox batting - Pitching for Albuquerque Isotopes : LHP Chad Persaud
Pitching: RHP Humberto Gutierrez
Batting: RHB Justin Williams 0-0: Called Strike
0-1: Ball
1-1: SINGLE (Groundball, 6, EV 108.1 MPH)
Batting: RHB Devine Adams 0-0: Foul Ball, location: 2F
0-1: Ball
1-1: Foul Ball, location: 2F
1-2: Foul Ball, location: 2F
1-2: Ball
2-2: DOUBLE (Flyball, 89D, EV 102.5 MPH)
Justin Williams to third
Batting: LHB Steve Gilliam 0-0: Foul Ball, location: 2F
0-1: Called Strike
0-2: Ball
1-2: Strikes out swinging
Batting: RHB Ryan Rinaldi 0-0: Foul Ball, location: 2F
0-1: Foul Ball, location: 2F
0-2: Foul Ball, location: 2F
0-2: Ball
1-2: Strikes out looking
Batting: LHB Michael Krott 0-0: Called Strike
0-1: Called Strike
0-2: Foul Ball, location: 2F
0-2: Ball
1-2: Ground out 4-3 (Groundball, 34, EV 98.1 MPH)
Bottom of the 9th over - 0 runs, 2 hits, 0 errors, 2 left on base; Albuquerque 4 - Colorado Springs 2
Thursday, December 15th , 2022 - OOTP Baseball 23.9 Build 102